 Dungeon Crawl Stone Soup version 0.23.2-30-g0e89c35649 (webtiles) character file.

Game seed: 1786433268109701729

902 troglodite the Charmwright (level 8, -8/56 HPs)
             Began as a Gnoll Skald on June 25, 2019.
             Was a Follower of Hepliaklqana.
             Mangled by a wyvern skeleton (13 damage)
             ... on level 6 of the Dungeon on June 26, 2019.
             The game lasted 00:16:29 (5035 turns).

troglodite the Charmwright (Gnoll Skald)            Turns: 5035, Time: 00:16:30

Health: -8/56      AC:  4    Str: 14    XL:     8   Next: 7%
Magic:  13/16      EV: 18    Int: 17    God:    Hepliaklqana [*.....]
Gold:   318        SH:  3    Dex: 15    Spells: 8/18 levels left

rFire    + . .     SeeInvis .   q - +0 trident
rCold    + . .     Gourm    .   (no shield)
rNeg     . . .     Faith    .   A - +1 robe {rC+ rF+}
rPois    .         Spirit   .   (no helmet)
rElec    .         Reflect  +   (no cloak)
rCorr    .         Harm     .   (no gloves)
MR       +....                  f - +0 pair of boots
Stlth    ++........             m - +3 amulet of reflection
HPRegen  0.18/turn              e - ring of protection from magic
MPRegen  0.15/turn              r - +3 ring of evasion

@: no status effects
A: distributed training, reduced essence, fangs 1, strong nose
a: Recall Ancestor, Ancestor Identity, Renounce Religion


You were on level 6 of the Dungeon.
You worshipped Hepliaklqana.
Hepliaklqana was aware of your devotion.
You were not hungry.

You visited 1 branch of the dungeon, and saw 6 of its levels.

You collected 318 gold pieces.

Inventory:

Hand Weapons
 q - a +0 trident (weapon)
Missiles
 v - 5 javelins (quivered)
Armour
 b - a +0 leather armour
 f - a +0 pair of boots (worn)
 A - a +1 robe of resistance (worn)
Jewellery
 e - a ring of protection from magic (left hand)
 m - a +3 amulet of reflection (around neck)
 r - a +3 ring of evasion (right hand)
Wands
 w - a wand of flame (8)
Scrolls
 a - 2 scrolls of noise {unknown}
 h - 2 scrolls of fog {unknown}
 i - 4 scrolls of remove curse
 j - 8 scrolls of identify {unknown}
 k - a scroll of teleportation {unknown}
 l - 3 scrolls of random uselessness {unknown}
 t - 2 scrolls of enchant armour {unknown}
 y - a scroll of amnesia {unknown}
Potions
 c - 4 potions of curing {unknown}
 g - a potion of berserk rage {unknown}
 n - 2 potions of brilliance {unknown}
 o - 2 potions of heal wounds {unknown}
 p - a potion of degeneration {unknown}
 s - a potion of ambrosia {unknown}
 u - a potion of magic {unknown}
 z - a potion of lignification {unknown}
Comestibles
 d - 11 rations
 x - 2 chunks of flesh


   Skills:
 + Level 5.4 Fighting
 + Level 2.8 Short Blades
 + Level 2.8 Long Blades
 + Level 2.8 Axes
 + Level 2.8 Maces & Flails
 + Level 5.4 Polearms
 + Level 2.8 Staves
 + Level 2.8 Slings
 + Level 2.8 Bows
 + Level 2.8 Crossbows
 + Level 2.8 Throwing
 + Level 3.9 Armour
 + Level 5.4 Dodging
 + Level 2.8 Stealth
 + Level 2.8 Shields
 + Level 2.8 Unarmed Combat
 + Level 5.8 Spellcasting
 + Level 2.3 Conjurations
 + Level 2.3 Hexes
 + Level 6.0 Charms
 + Level 2.3 Summonings
 + Level 2.3 Necromancy
 + Level 2.3 Translocations
 + Level 2.3 Transmutations
 + Level 2.3 Fire Magic
 + Level 2.3 Ice Magic
 + Level 2.3 Air Magic
 + Level 2.3 Earth Magic
 + Level 2.3 Poison Magic
 + Level 3.1 Invocations
 + Level 2.8 Evocations


You had 8 spell levels left.
You knew the following spells:

 Your Spells              Type           Power        Failure   Level  Hunger
a - Infusion              Chrm           ####         1%          1    None
b - Spectral Weapon       Hex/Chrm       ###.....     7%          3    ##.....
c - Regeneration          Chrm/Necr      ###.......   7%          3    ##.....
d - Confuse               Hex            ##......     16%         3    ##.....

Your spell library contained the following spells:

 Spells                   Type           Power        Failure   Level  Hunger
 Song of Slaying          Chrm           ####....     1%          2    #......
 Shroud of Golubria       Chrm/Tloc      ###.......   3%          2    #......
 Animate Skeleton         Necr           N/A          4%          1    None
 Apportation              Tloc           ##....       4%          1    None
 Confusing Touch          Hex            ##....       4%          1    None
 Corona                   Hex            ##.....      4%          1    None
 Summon Small Mammal      Summ           ##..         4%          1    None
 Ensorcelled Hibernation  Hex/Ice        ##....       8%          2    #......
 Dazzling Spray           Conj/Hex       ##....       16%         3    ##.....
 Tukima's Dance           Hex            ##......     16%         3    ##.....


Dungeon Overview and Level Annotations

Branches:
Dungeon (6/15)             Temple (0/1) D:5

Altars:
Cheibriados
Dithmenos
Fedhas
Gozag
Hepliaklqana
Uskayaw
Vehumet
Wu Jian
Xom
Yredelemnul
Zin
The Shining One


Innate Abilities, Weirdness & Mutations

Your experience applies equally to all skills.
You have very sharp teeth.
Your uncanny sense of smell can sniff out nearby items.
Your life essence is reduced to manifest your ancestor. (-10% HP)


Message History

The wyvern skeleton bites you!
Casting: Spectral Weapon (safe; 7% risk of failure)
Confirm with . or Enter, or press ? or * to list all spells.
You draw out your weapon's spirit!
Izel barely misses the wyvern skeleton.
An orc priest comes into view.
It is wielding a +1 falchion of holy wrath.
The wyvern skeleton misses you.
You barely miss the wyvern skeleton. You bite the wyvern skeleton.
The wyvern skeleton is moderately damaged.
Your spectral weapon hits the wyvern skeleton from afar!
You block the wyvern skeleton's attack.
The orc priest calls down the wrath of Beogh upon you.
Beogh smites you!
Izel hits the wyvern skeleton.
Unknown command.
You puncture the wyvern skeleton!
The wyvern skeleton is severely damaged.
Your spectral weapon barely misses the wyvern skeleton.
The wyvern skeleton bites you!
* * * LOW HITPOINT WARNING * * *
Izel barely misses the wyvern skeleton.
The wyvern skeleton bites you!
You die...

#############
#...........#
#.?.......[.# [#
#...........# #.#
#....oZ@....# #.#
#..o...R(...##########.#
.o..................#...
....o...............#.#.
....................#.#.
..#########.)(......#.#.
. #......(..'...
#......((.####
##.....#######


You could see the friendly Izel the ancestor, an orc priest, an orc wizard, 2
orcs, a wyvern skeleton and a friendly spectral +0 trident.

Vanquished Creatures
  2 ogres
  A centaur (D:6)
  A bullfrog zombie (D:5)
  A quasit (D:6)
  A hound (D:2)
  An orc priest (D:5)
  A centaur skeleton (D:5)
  2 worker ants
  5 adders
  5 worms
  A dart slug (D:6)
  A leopard gecko (D:4)
  6 orcs
  A ball python (D:3)
  9 bats
  5 giant cockroaches
  9 goblins
  14 hobgoblins
  A quokka (D:4)
  6 frilled lizards
  A jackal skeleton (D:5)
  13 kobolds
  6 rats
93 creatures vanquished.

Vanquished Creatures (collateral kills)
  A phantom (D:6)
  A centaur (D:6)
  A scorpion (D:3)
  An orc wizard (D:5)
  A worker ant (D:4)
  An adder (D:5)
  A worm (D:5)
  6 orcs
  A goblin (D:3)
14 creatures vanquished.

Grand Total: 107 creatures vanquished

Notes
Turn   | Place    | Note
-------+----------+-------------------------------------------
     0 | D:1      | troglodite the Gnoll Skald began the quest for the Orb.
     0 | D:1      | Reached XP level 1. HP: 20/20 MP: 6/6
   101 | D:1      | Reached XP level 2. HP: 15/26 MP: 3/7
   813 | D:1      | Reached XP level 3. HP: 31/31 MP: 9/9
   818 | D:1      | Learned a level 3 spell: Spectral Weapon
   939 | D:2      | Reached skill level 5 in Spellcasting
  1131 | D:2      | Found a hide-covered altar of Uskayaw.
  1413 | D:2      | Reached skill level 1 in Short Blades
  1413 | D:2      | Reached skill level 1 in Long Blades
  1413 | D:2      | Reached skill level 1 in Axes
  1413 | D:2      | Reached skill level 1 in Maces & Flails
  1413 | D:2      | Reached skill level 1 in Staves
  1413 | D:2      | Reached skill level 1 in Slings
  1413 | D:2      | Reached skill level 1 in Bows
  1413 | D:2      | Reached skill level 1 in Crossbows
  1413 | D:2      | Reached skill level 1 in Throwing
  1413 | D:2      | Reached skill level 1 in Stealth
  1413 | D:2      | Reached skill level 1 in Shields
  1413 | D:2      | Reached skill level 1 in Unarmed Combat
  1413 | D:2      | Reached skill level 1 in Invocations
  1413 | D:2      | Reached skill level 1 in Evocations
  1724 | D:2      | Found a blossoming altar of Fedhas.
  1729 | D:2      | Reached XP level 4. HP: 38/38 MP: 11/11
  1737 | D:2      | Learned a level 3 spell: Regeneration
  2157 | D:2      | Reached skill level 1 in Conjurations
  2157 | D:2      | Reached skill level 1 in Hexes
  2157 | D:2      | Reached skill level 1 in Summonings
  2157 | D:2      | Reached skill level 1 in Necromancy
  2157 | D:2      | Reached skill level 1 in Translocations
  2157 | D:2      | Reached skill level 1 in Transmutations
  2157 | D:2      | Reached skill level 1 in Fire Magic
  2157 | D:2      | Reached skill level 1 in Ice Magic
  2157 | D:2      | Reached skill level 1 in Air Magic
  2157 | D:2      | Reached skill level 1 in Earth Magic
  2157 | D:2      | Reached skill level 1 in Poison Magic
  2166 | D:2      | Reached XP level 5. HP: 37/43 MP: 6/12
  2821 | D:3      | Found a glowing silver altar of Zin.
  2883 | D:3      | Found a hazy altar of Hepliaklqana.
  2914 | D:3      | Became a worshipper of Hepliaklqana the Forgotten
  3139 | D:3      | Reached XP level 6. HP: 44/45 MP: 13/13
  3197 | D:3      | Reached skill level 5 in Fighting
  3197 | D:3      | Reached skill level 5 in Polearms
  3197 | D:3      | Reached skill level 5 in Dodging
  3591 | D:4      | Found an opulent altar of Gozag.
  3663 | D:4      | Reached * piety under Hepliaklqana
  3697 | D:4      | Found a shimmering altar of Xom.
  3709 | D:4      | Found a glowing golden altar of the Shining One.
  4129 | D:5      | Entered Level 5 of the Dungeon
  4135 | D:5      | Reached XP level 7. HP: 48/50 MP: 11/15
  4150 | D:5      | Found a shadowy altar of Dithmenos.
  4153 | D:5      | Found a basalt altar of Yredelemnul.
  4154 | D:5      | Found a radiant altar of Vehumet.
  4154 | D:5      | Found an ornate altar of the Wu Jian Council.
  4321 | D:5      | Found a staircase to the Ecumenical Temple.
  4332 | D:5      | Learned a level 3 spell: Confuse
  4929 | D:6      | Found a snail-covered altar of Cheibriados.
  5020 | D:6      | Reached skill level 6 in Charms
  5020 | D:6      | Reached XP level 8. HP: 43/56 MP: 16/16
  5035 | D:6      | Mangled by a wyvern skeleton

Skill      XL: |  1  2  3  4  5  6  7 |
---------------+----------------------+-----
Spellcasting   | 5 |  5.8
Short Blades   | 1 2 |  2.8
Long Blades    | 1 2 |  2.8
Axes           | 1 2 |  2.8
Maces & Flails | 1 2 |  2.8
Staves         | 1 2 |  2.8
Slings         | 1 2 |  2.8
Bows           | 1 2 |  2.8
Crossbows      | 1 2 |  2.8
Throwing       | 1 2 |  2.8
Stealth        | 1 2 |  2.8
Shields        | 1 2 |  2.8
Unarmed Combat | 1 2 |  2.8
Invocations    | 1 2 3 |  3.1
Evocations     | 1 2 |  2.8
Conjurations   | 1 2 |  2.3
Hexes          | 1 2 |  2.3
Summonings     | 1 2 |  2.3
Necromancy     | 1 2 |  2.3
Translocations | 1 2 |  2.3
Transmutations | 1 2 |  2.3
Fire Magic     | 1 2 |  2.3
Ice Magic      | 1 2 |  2.3
Air Magic      | 1 2 |  2.3
Earth Magic    | 1 2 |  2.3
Poison Magic   | 1 2 |  2.3
Armour         | 3 |  3.9
Fighting       | 5 |  5.4
Polearms       | 5 |  5.4
Dodging        | 5 |  5.4
Charms         | 6 |  6.0

Action                   |  1- 3 |  4- 6 |  7- 9 || total
-------------------------+-------+-------+-------++-------
Melee: Spear             |    75 |       |       ||    75
       Bite              |     6 |    14 |    10 ||    30
       Trident           |    19 |   173 |    78 ||   270
       Punch             |     1 |     3 |     1 ||     5
 Cast: Infusion          |     2 |       |       ||     2
       Spectral Weapon   |       |     8 |     4 ||    12
       Regeneration      |       |     1 |       ||     1
  Use: Scroll            |       |       |     1 ||     1
 Stab: Sleeping          |     2 |     2 |       ||     4
       Distracted        |       |       |     1 ||     1
  Eat: Chunk             |     2 |     9 |     3 ||    14
Armor: Leather armour    |    19 |    12 |       ||    31
       Ring mail         |       |     3 |       ||     3
       Robe              |       |       |    18 ||    18
Dodge: Dodged            |    57 |   100 |    75 ||   232
Block: Other             |     4 |    10 |    10 ||    24
       Reflection        |       |     1 |       ||     1
